 Dungeon Crawl Stone Soup version 0.22-a0-430-g6609fc6 (webtiles) character file.

151 MisterFreud the Insei (level 5, -3/33 HPs)
             Began as an Octopode Transmuter on May 26, 2018.
             Slain by anet's ghost (5 damage)
             ... on level 3 of the Dungeon.
             The game lasted 00:05:41 (2947 turns).

MisterFreud the Insei (Octopode Transmuter)         Turns: 2947, Time: 00:05:42

Health: -3/33      AC:  2    Str:  9    XL:     5   Next: 33%
Magic:  6/8        EV: 19    Int: 22    God:
Gold:   70         SH:  0    Dex: 17    Spells: 2/8 levels left

rFire    . . .     SeeInvis +     - Unarmed
rCold    . . .     Gourm    .   (shield currently unavailable)
rNeg     . . .     Faith    .   (helmet currently unavailable)
rPois    x         Spirit   .   (no amulet)
rElec    .         Reflect  .   b - ring of teleportation (curse)
rCorr    .         Harm     .   k - ring of see invisible
MR       .....     Rnd*Tele +   (no ring)
Stlth    ++........             (no ring)
HPRegen  0.11/turn              (no ring)
MPRegen  0.11/turn              (no ring)
                                (no ring)
                                (no ring)

@: brilliant, spider-form (expiring)
A: tiny, almost no armour, stealthy swim, (amphibious), 8 rings, (constrict 8)
a: End Transformation


You were on level 3 of the Dungeon.
You were hungry.
You were a venomous arachnid creature.
You visited 1 branch of the dungeon, and saw 3 of its levels.

You collected 70 gold pieces.

Inventory:

Missiles
 a - 26 arrows
 e - 73 stones (quivered)
 f - 24 bolts
 g - 36 sling bullets
Jewellery
 b - a cursed ring of teleportation (left front leg)
 k - a ring of see invisible (right front leg)
Potions
 d - a potion of flight {unknown}
 h - a potion of heal wounds {unknown}
 i - a potion of haste {unknown}
 j - a potion of brilliance
 m - a potion of berserk rage {unknown}
Comestibles
 c - 3 rations
 l - 2 chunks of flesh


   Skills:
 - Level 1.0 Fighting
 - Level 2.0 Dodging
 + Level 5.9 Unarmed Combat
 - Level 2.0 Spellcasting
 - Level 2.0 Transmutations


You had 2 spell levels left.
You knew the following spells:

 Your Spells              Type           Power        Failure   Level  Hunger
a - Beastly Appendage     Tmut           ###...       2%          1    #......
b - Sticks to Snakes      Tmut           ###.....     2%          2    ##.....
c - Spider Form           Tmut/Pois      ###.......   6%          3    ###....

Your spell library contained the following spells:

 Spells                   Type           Power        Failure   Level  Hunger
 Blade Hands              Tmut           ###.......   26%         5    ######.
 Ice Form                 Ice/Tmut       ###.....     16%         4    #####..


Dungeon Overview and Level Annotations

Branches:
Dungeon (3/15)

Altars:
Elyvilon
The Shining One

Annotations:
D:3 anet's ghost, amateur GnWz


Innate Abilities, Weirdness & Mutations

You cannot wear most types of armour.
You are very stealthy in the water. (Stealth+)
((You are amphibious.))
You can wear up to eight rings at the same time.
((You can use your tentacles to constrict eight enemies at once.))
((Your skin changes colour to match your surroundings (Stealth+).))
((Your rubbery body absorbs attacks. (AC +1, EV +1)))


Message History

Anet's ghost is heavily damaged.
Your transformation is almost over.
Anet's ghost casts a spell at you. The magic dart hits you!
You bite anet's ghost!
Anet's ghost is severely damaged.
Anet's ghost casts a spell.
Anet's ghost blinks!
Anet's ghost points at you and mumbles some strange words.
The magic dart hits you!
You are too injured to fight recklessly!
You are too injured to fight recklessly!
You are too injured to fight recklessly!
Anet's ghost points at you and mumbles some strange words.
The magic dart hits you!
* * * LOW HITPOINT WARNING * * *
It was a potion of brilliance.
You feel clever all of a sudden. Anet's ghost hits you.
You die...

....... .......
....[.. .>..$..
.......
.."...?##########
.............)..##
...############W.#
##s## #..# ##.# #.#
#.## ♣♣♣ #..# ♣♣♣.♣♣♣
♣♣#####.## ♣♣.....♣♣
♣♣.....#..#
♣.......♣♣♣.†.....#.#


You could see anet's ghost.

Vanquished Creatures
  A hound (D:3)
  An orc priest (D:2)
  3 adders
  3 oozes (D:2)
  A worm (D:2)
  3 orcs
  2 giant cockroaches
  3 goblins
  4 hobgoblins
  2 jackals (D:3)
  A quokka (D:3)
  8 bats
  5 frilled lizards
  3 kobolds
  6 rats
46 creatures vanquished.

Vanquished Creatures (collateral kills)
  An adder (D:2)
  A bat (D:3)
2 creatures vanquished.

Grand Total: 48 creatures vanquished

Notes
Turn   | Place    | Note
-------+----------+-------------------------------------------
     0 | D:1      | MisterFreud the Octopode Transmuter began the quest for the Orb.
     0 | D:1      | Reached XP level 1. HP: 13/13 MP: 3/3
   264 | D:1      | Reached XP level 2. HP: 13/18 MP: 5/5
   445 | D:1      | Learned a level 2 spell: Sticks to Snakes
  1163 | D:1      | Reached skill level 4 in Unarmed Combat
  1383 | D:2      | Reached XP level 3. HP: 8/23 MP: 6/6
  1636 | D:2      | Reached XP level 4. HP: 22/28 MP: 7/7
  1691 | D:2      | Reached skill level 5 in Unarmed Combat
  1757 | D:2      | Found a faded altar of an unknown god.
  2588 | D:3      | Found a glowing golden altar of the Shining One.
  2613 | D:3      | Found a white marble altar of Elyvilon.
  2613 | D:3      | Noticed anet's ghost (amateur GnWz)
  2628 | D:3      | Reached XP level 5. HP: 15/33 MP: 5/8
  2936 | D:3      | Learned a level 3 spell: Spider Form
  2947 | D:3      | Slain by anet's ghost

Vault maps used:
D:1:      tarquinn_simple_flora_water_f
D:2:      chequers_ecumenical_altar_simple
D:3:      lemuel_doored_altar, tgw_fedhas, elyvilon_altar_3

Skill      XL: |  1  2  3  4 |
---------------+-------------+-----
Unarmed Combat | 4 5 |  5.9
Fighting       | |  1.0
Dodging        | |  2.0
Spellcasting   | |  2.0
Transmutations | |  2.0

Action                   |  1- 3 |  4- 6 || total
-------------------------+-------+-------++-------
Melee: Unarmed           |    56 |    78 ||   134
       Constrict         |    15 |    14 ||    29
       Tentacles         |     7 |     6 ||    13
       Punch             |     5 |     2 ||     7
 Cast: Sticks to Snakes  |     1 |     2 ||     3
       Spider Form       |       |     1 ||     1
  Use: Potion            |     1 |     1 ||     2
       Scroll            |       |     1 ||     1
 Stab: Sleeping          |     7 |     1 ||     8
       Distracted        |       |     1 ||     1
  Eat: Chunk             |     1 |     5 ||     6
Armor: Skin              |     9 |     4 ||    13
Dodge: Dodged            |    36 |    44 ||    80

Table legend:
 A = Spawn XP
 B = Non-spawn XP
 C = Spawn XP percentage of total XP
 D = Spawn monster count
 E = Non-spawn monster count
 F = Spawn count percentage of total count
 G = Total turns spent on level
                    A         B        C        D         E        F      G
               +---------+---------+-------+---------+---------+-------+---------
         Total |       0 |     217 |   0.0 |       0 |      48 |   0.0 |  2947
               +---------+---------+-------+---------+---------+-------+---------
           D:1 |       0 |      21 |   0.0 |       0 |      14 |   0.0 |  1276
           D:2 |       0 |     117 |   0.0 |       0 |      24 |   0.0 |  1301
           D:3 |       0 |      79 |   0.0 |       0 |      10 |   0.0 |   370
               +---------+---------+-------+---------+---------+-------+---------
